 Dungeon Crawl Stone Soup version 0.29.1-15-g9cfb28693d (webtiles) character file.

Game seed: 15128665048109241296

3450 BlackCrag the Thaumaturge (level 9, -3/45 HPs)
             Began as a Deep Elf Earth Elementalist on Mar 8, 2023.
             Was a Follower of Sif Muna.
             Slain by a red ugly thing (15 damage)
             ... on level 7 of the Dungeon.
             The game lasted 00:55:28 (8709 turns).

BlackCrag the Thaumaturge (DEEE)                    Turns: 8709, Time: 00:55:29

Health: -3/45      AC:  6    Str: 12    XL:     9   Next: 78%
Magic:  35/35      EV: 12    Int: 31    God:    Sif Muna [*.....]
Gold:   435        SH:  0    Dex: 12    Spells: 7/30 levels left

rFire   . . .      SeeInvis .   a - +0 dagger (speed)
rCold   . . .      Faith    .   (no shield)
rNeg    . . .      Spirit   .   l - +2 robe of Souschel {MP+9 Str+7 Dex-3 Slay+2}
rPois   +          Reflect  .   (no helmet)
rElec   .          Harm     .   i - +0 cloak
rCorr   .          Rampage  .   j - +0 pair of gloves
Will    .....                   (no boots)
Stlth   +++.......              (no amulet)
HPRegen 0.15/turn               A - ring of poison resistance
MPRegen 0.24/turn               v - +6 ring of intelligence

@: about to teleport, studying Stealth
A: no striking features
a: Renounce Religion, Channel Magic


You were on level 7 of the Dungeon.
You worshipped Sif Muna.
Sif Muna was aware of your devotion.
You visited 2 branches of the dungeon, and saw 8 of its levels.

You collected 435 gold pieces.

Inventory:

Hand Weapons
 a - a +0 dagger of speed (weapon)
 n - a +1 dagger of protection
Missiles
 t - 2 throwing nets
Armour
 i - a +0 cloak (worn)
 j - a +0 pair of gloves (worn)
 l - the +2 robe of Souschel (worn) {MP+9 Str+7 Dex-3 Slay+2}
   (You found it on level 3 of the Dungeon)

   Str:       It affects your strength (+7).
   Dex:       It affects your dexterity (-3).
   Slay:      It affects your accuracy & damage with ranged weapons and melee
   (+2).
   MP:        It affects your magic capacity (+9).
 w - a +0 robe of the Archmagi
Magical Staves
 o - a staff of fire
Jewellery
 r - a +6 ring of strength
 v - a +6 ring of intelligence (right hand)
 A - a ring of poison resistance (left hand)
Wands
 u - a wand of roots (19)
Scrolls
 c - a scroll of acquirement
 e - 5 scrolls of teleportation
 f - 3 scrolls of enchant weapon {unknown}
 k - a scroll of poison {unknown}
 m - 3 scrolls of magic mapping {unknown}
 q - 3 scrolls of immolation {unknown}
 x - a scroll of brand weapon
Potions
 b - 2 potions of magic
 d - 3 potions of mutation
 g - 4 potions of curing
 h - 4 potions of might
 p - a potion of lignification {unknown}
 s - 2 potions of brilliance {unknown}
 z - a potion of heal wounds


   Skills:
 + Level 3.0 Dodging
 + Level 4.4 Stealth
 + Level 11.3 Spellcasting
 * Level 5.5 Conjurations
 * Level 3.3 Hexes
 + Level 3.0 Transmutations
 * Level 10.1 Earth Magic
 + Level 0.6 Evocations


You had 7 spell levels left.
You knew the following spells:

 Your Spells              Type           Power      Damage    Failure   Level
a - Sandblast             Erth           100%       2d20      1%          1
b - Passwall              Tmut/Erth      45%        N/A       1%          2
c - Stone Arrow           Conj/Erth      100%       3d13      1%          3
d - Petrify               Tmut/Erth      55%        N/A       1%          4
e - Cause Fear            Hex            19%        N/A       7%          4
f - Lee's Rapid Deconstr  Erth           34%        3d18*     1%          5
g - Fulminant Prism       Conj/Hex       22%        3d13      4%          4

Your spell library contained the following spells:

 Spells                   Type           Power      Damage    Failure   Level
 Iskenderun's Mystic Bla  Conj/Tloc      34%        2d8       9%          4
 Dragon Form              Tmut           18%        N/A       100%        7
 Dragon's Call            Summ           8%         N/A       100%        9


Dungeon Overview and Level Annotations

Branches:
Dungeon (7/15)             Temple (1/1) D:5

Altars:
Ashenzari
Cheibriados
Elyvilon
Fedhas
Gozag
Kikubaaqudgha
Makhleb
Nemelex Xobeh
Okawaru
Qazlal
Ru
Sif Muna
Trog
Uskayaw
Vehumet
Wu Jian
Yredelemnul
The Shining One
Lugonu

Shops:
D:4 [   D:5 [   D:6 (

Annotations:
D:7 2 transporters


Message History

Casting: Stone Arrow (safe; 1% risk of failure)
Confirm with . or Enter, or press ? or * to list all spells.
Aiming: Stone Arrow (safe; 1% risk of failure)
Press: ? - help, Shift-Dir - straight line, f/p - sky beast
Aim: a sky beast (almost dead, 69% to hit)
The stone arrow hits the sky beast!!
You kill the sky beast!
Sif Muna accepts your kill.
Your Earth Magic skill increases to level 10!
You start resting.
Magic restored.
You start resting.
HP restored.
Items here: ( )) [[[.
Things that are here:
a +0 robe; a +0 dagger
Things that are here:
3 boomerangs; a +0 whip
e - 6 scrolls of teleportation (gained 1)
You now have 435 gold pieces (gained 11).
Things that are here:
a +0 ring mail; a +0 trident; a +0 shortbow You see here a +0 spear.
A sourceless malevolence fills the Dungeon... and a teleportation trap spontaneously manifests!
You are yanked towards some nearby monsters!
Your surroundings suddenly seem different.
The white ugly thing gurgles horribly!
The raiju barks!
As you read the scroll of teleportation, it crumbles to dust.
You feel strangely unstable.
The white ugly thing closely misses you.
Okay, then.
The small abomination hits you. The red ugly thing trunk-slaps you.
You are engulfed in flames!!
Ouch! That really hurt!
The small abomination barely misses you.
The red ugly thing attacks as you move away!
The red ugly thing trunk-slaps you!
* * * LOW HITPOINT WARNING * * *
You are engulfed in flames!
You die...

# #.#.......# .#..## ##..#/ ##..
###.#.......####x..###...#### #..
..).....#####.###x......###.# #..
.#.##.#.# ##...##.....##...###..
...##.#.# ##....©#©._..#©....##..
.#.)....###.....##.....##........
....#.......#.###h...x..###.###..
.#..#......#####uu.###...#### #..
...##......# |#@x## ## ... #..
..###....[.# #x..## #... #.. ).#
#......####??# #©.# #.. ..#
#......'..#### ########.. ..#
##.....##..# #....... ..#
#.....###.###########....... ..#
###.....#...^............... ..#
##.##.#.....#.............
#########.##.##.##.#........#####


You could see 2 ugly things, a raiju and 5 small abominations.

Vanquished Creatures
  A troll (D:7)
  2 steam dragons (D:7)
  Menkaure (D:4)
  A vampire mosquito (D:7)
  Duvessa (D:4)
  An ice beast (D:7)
  3 orc warriors
  A black bear (D:7)
  3 sky beasts (D:7)
  3 ogres
  A centaur (D:7)
  4 phantoms
  2 gnoll sergeants (D:7)
  A necrophage (D:5)
  A bullfrog (D:7)
  A scorpion (D:7)
  A wight (D:7)
  Dowan (D:4)
  A howler monkey (D:5)
  3 hounds (D:7)
  4 jellies
  An orc priest (D:6)
  Crazy Yiuf (D:7)
  3 iguanas
  7 orc wizards
  10 gnolls (D:7)
  7 adders
  3 white imps
  2 ufetubi
  3 worms (D:2)
  A dart slug (D:1)
  21 orcs
  5 bats
  17 endoplasms
  4 giant cockroaches
  11 goblins
  6 hobgoblins
  2 quokkas
  22 ball pythons
  3 frilled lizards
  11 kobolds
  6 rats
183 creatures vanquished.

Vanquished Creatures (others)
  5 fulminant prisms (D:7)
  11 toadstools (D:2)
16 creatures vanquished.

Grand Total: 199 creatures vanquished

Notes
Turn   | Place    | Note
-------+----------+-------------------------------------------
     0 | D:1      | BlackCrag the Deep Elf Earth Elementalist began the quest
                  | for the Orb.
     0 | D:1      | Reached XP level 1. HP: 10/10 MP: 6/6
   176 | D:1      | Reached XP level 2. HP: 15/15 MP: 6/8
   186 | D:1      | Found a faded altar of an unknown god.
   265 | D:1      | Learned a level 2 spell: Passwall
   715 | D:1      | Reached XP level 3. HP: 19/19 MP: 8/10
  1078 | D:1      | Learned a level 3 spell: Stone Arrow
  1592 | D:2      | Reached skill level 4 in Spellcasting
  1753 | D:2      | You fall into a shaft and drop 2 floors!
  1760 | D:3      | Reached XP level 4. HP: 24/24 MP: 9/12
  1765 | D:3      | Learned a level 4 spell: Petrify
  1830 | D:3      | Identified the +2 robe of Souschel {MP+9 Str+7 Dex-3
                  | Slay+2}
  2555 | D:2      | Reached skill level 5 in Spellcasting
  2555 | D:2      | Reached XP level 5. HP: 28/28 MP: 14/14
  2627 | D:2      | Reached skill level 5 in Earth Magic
  3623 | D:4      | Noticed Duvessa
  3623 | D:4      | Noticed Dowan
  3725 | D:4      | Found a hide-covered altar of Uskayaw.
  3783 | D:4      | Noticed a phantom
  3794 | D:4      | Killed a phantom
  3795 | D:4      | Reached skill level 6 in Spellcasting
  3795 | D:4      | Reached XP level 6. HP: 32/32 MP: 17/17
  3966 | D:4      | Found Raenk's Armour Boutique.
  4045 | D:4      | Killed Duvessa
  4046 | D:4      | Reached skill level 1 in Conjurations
  4047 | D:4      | Killed Dowan
  4496 | D:4      | Found a sacrificial altar of Ru.
  4549 | D:4      | Found a snail-covered altar of Cheibriados.
  4551 | D:4      | Found a stormy altar of Qazlal.
  4554 | D:4      | Found a broken altar of Ashenzari.
  4555 | D:4      | Found a burning altar of Makhleb.
  4559 | D:4      | Found a glowing golden altar of the Shining One.
  4661 | D:4      | Reached skill level 7 in Spellcasting
  4661 | D:4      | Reached XP level 7. HP: 36/36 MP: 19/19
  4847 | D:4      | Noticed Menkaure
  4849 | D:4      | Killed Menkaure
  4942 | D:5      | Entered Level 5 of the Dungeon
  5042 | D:5      | Found a basalt altar of Yredelemnul.
  5106 | D:5      | Found a white marble altar of Elyvilon.
  5115 | D:5      | Reached skill level 8 in Spellcasting
  5235 | D:5      | Found a staircase to the Ecumenical Temple.
  5243 | Temple   | Entered the Ecumenical Temple
  5258 | Temple   | Became a worshipper of Sif Muna the Loreminder
  5574 | D:5      | Reached XP level 8. HP: 41/41 MP: 17/22
  5650 | D:5      | Learned a level 4 spell: Cause Fear
  5695 | D:5      | Found Cuava's Armour Shoppe.
  5989 | D:6      | Reached skill level 9 in Spellcasting
  6311 | D:6      | Identified a scroll of acquirement
  6404 | D:6      | Found Piamyiqe's Weapon Shop.
  6841 | D:7      | Reached skill level 10 in Spellcasting
  6850 | D:7      | Learned a level 5 spell: Lee's Rapid Deconstruction
  6889 | D:7      | Learned a level 4 spell: Fulminant Prism
  6909 | D:7      | Found a runed translucent door.
  6910 | D:7      | Noticed Crazy Yiuf
  6919 | D:7      | Killed Crazy Yiuf
  7106 | D:7      | Found a transporter.
  7109 | D:7      | Found a transporter.
  7109 | D:7      | Noticed a raiju
  7110 | D:7      | Found a corrupted altar of Lugonu.
  7110 | D:7      | Noticed a white ugly thing
  7111 | D:7      | Noticed a red ugly thing
  7316 | D:7      | Reached skill level 1 in Hexes
  7319 | D:7      | Reached XP level 9. HP: 45/45 MP: 8/25
  7565 | D:7      | Reached * piety under Sif Muna
  7709 | D:7      | Noticed a troll
  7712 | D:7      | Killed a troll
  7713 | D:7      | Reached skill level 5 in Conjurations
  7803 | D:7      | Reached skill level 11 in Spellcasting
  8645 | D:7      | Reached skill level 10 in Earth Magic
  8709 | D:7      | Slain by a red ugly thing

Illustrated notes

Levels and vault maps discovered:
D:1:      tarquinn_simple_flora_water_c, layout_loops_cross,
          nicolae_ecumenical_snake_handling, chequers_serial_rivers_marsh
D:2:      cheibrodos_fertilizer, layout_basic, minivault_5
D:3:      minmay_general_purpose_star, layout_rooms, kennysheep_generic_room_8
D:4:      layout_basic, pf_just_have_faith, nicolae_ru_great_annihilating_truth,
          minitemple, serial_shops, nicolae_shop_stone, uniq_menkaure,
          uniq_duvessa
D:5:      layout_rooms, elyvilon_altar_3, mainiacjoe_overflow_boulevard,
          minmay_temple_entry_mini_moons, serial_shops, shop,
          minmay_a_box_with_orc_wizards_in_it
D:6:      layout_rooms, serial_shops, nicolae_shop_bloodbath_and_beyond
D:7:      gammafunk_corrupted_shrine, layout_basic, grunt_ministairs_5,
          glass_columns_b, nzn_random_ring, uniq_crazy_yiuf_cottage
Temple:   dpeg_three_leaves_temple

Skill      XL: |  1  2  3  4  5  6  7  8  9 |
---------------+----------------------------+-----
Earth Magic    | 4 5 6 7 8 10 | 10.1
Spellcasting   | 4 5 6 7 8 10 11 | 11.3
Stealth        | 3 4 |  4.4
Conjurations   | 2 3 4 5 |  5.5
Dodging        | 3 |  3.0
Transmutations | 2 3 |  3.0
Hexes          | 1 3 |  3.3
Evocations     | |  0.6

Action                   |  1- 3 |  4- 6 |  7- 9 || total
-------------------------+-------+-------+-------++-------
Melee: Flail             |       |     6 |       ||     6
 Cast: Sandblast         |    56 |    76 |    12 ||   144
       Passwall          |     9 |     5 |    14 ||    28
       Stone Arrow       |     5 |    29 |    70 ||   104
       Petrify           |       |       |    22 ||    22
       Lee's Rapid Decon |       |       |    18 ||    18
       Fulminant Prism   |       |       |     5 ||     5
Evoke: Wand              |       |       |     5 ||     5
  Use: Scroll            |     1 |     3 |     7 ||    11
Armor: Robe              |     5 |     9 |     6 ||    20
Dodge: Dodged            |    12 |    32 |    11 ||    55
